 Dungeon Crawl Stone Soup version 0.27-a0-668-gb5737ff2c0 (webtiles) character file.

Game seed: 11413120033237760972

25 funkygono the Covered (level 3, -6/24 HPs)
             Began as a Gargoyle Fighter on Mar 17, 2021.
             Was an Initiate of Okawaru.
             Mangled by Sigmund
             ... wielding a +0 scythe
              (8 damage)
             ... on level 2 of the Dungeon.
             The game lasted 00:01:57 (1313 turns).

funkygono the Covered (Gargoyle Fighter)            Turns: 1313, Time: 00:01:58

Health: -6/24      AC: 10    Str: 20    XL:     3   Next: 4%
Magic:  3/3        EV:  7    Int:  8    God:    Okawaru [......]
Gold:   55         SH:  9    Dex:  9    Spells: 2/2 levels left

rFire    . . .     SeeInvis .   e - +2 mace (drain)
rCold    . . .     Faith    .   c - +0 kite shield
rNeg     + . .     Spirit   .   b - +0 scale mail
rPois    ∞         Reflect  .   (no helmet)
rElec    +         Harm     .   (no cloak)
rCorr    .         Rampage  .   (no gloves)
Will     .....                  (no boots)
Stlth    ..........             f - amulet of magic regeneration
HPRegen  0.08/turn              (no ring)
MPRegen  0.33/turn              (no ring)

@: no status effects
A: AC +3, negative energy resistance 1, electricity resistance, torment
resistance 1, unbreathing 1, petrification resistance
a: Renounce Religion


You were on level 2 of the Dungeon.
You worshipped Okawaru.
Okawaru was noncommittal.
You visited 1 branch of the dungeon, and saw 2 of its levels.

You collected 55 gold pieces.

Inventory:

Hand Weapons
 e - a +2 mace of draining (weapon)
Armour
 b - a +0 scale mail (worn)
 c - a +0 kite shield (worn)
Jewellery
 f - an amulet of magic regeneration (around neck)
Scrolls
 h - 3 scrolls of identify {unknown}
Potions
 a - a potion of curing {unknown}
 d - a potion of might
 g - a potion of berserk rage {unknown}
 i - a potion of ambrosia {unknown}


   Skills:
 + Level 3.6 Fighting
 + Level 2.3 Maces & Flails
 + Level 3.6 Armour
 + Level 0.1 Dodging
 + Level 3.6 Shields


You had 2 spell levels left.
You didn't know any spells.
Your spell library was empty.

Dungeon Overview and Level Annotations

Branches:
Dungeon (2/15)

Altars:
Okawaru

Annotations:
D:2 Sigmund


Innate Abilities, Weirdness & Mutations

Your stone body is resilient. (AC +3)
You are immune to poison.
You resist negative energy. (rN+)
You are resistant to electric shocks. (rElec)
You are resistant to unholy torment.
You can survive without breathing.
You are immune to petrification.


Message History

You closely miss the hobgoblin. The hobgoblin completely misses you.
You hit the hobgoblin. You drain the hobgoblin.
You kill the hobgoblin!
Okawaru accepts your kill.
You have reached level 3!
Your experience leads to an increase in your attributes!
Increase (S)trength, (I)ntelligence, or (D)exterity?
You feel stronger.
i - a ruby potion You enter the shallow water.
Moving in this stuff is going to be slow.
A goblin comes into view.
The goblin shouts!
A goblin is nearby!
The goblin hits you but does no damage.
Sigmund the Dreaded comes into view.
He is wielding a +0 scythe.
Sigmund shouts!
You hit the goblin. You drain the goblin.
You kill the goblin!
Okawaru accepts your kill.
Sigmund points at himself and mumbles some strange words.
Sigmund flickers and vanishes!
Deactivating autopickup; reactivate with Ctrl-A.
You see here a goblin corpse.
You completely miss something. Something hits you.
You miss something. Something hits you but does no damage. Something hits you!
You hit something. Something hits you.
You hit something.
You hear some strange, mumbled words.
Something tries to affect you, but you resist.
Something hits you.
You closely miss something. Something hits you but does no damage.
You hear some strange, mumbled words.
A puff of flame appears from out of thin air!
The puff of flame hits you.
* * * LOW HITPOINT WARNING * * *
You closely miss something. Something hits you.
* * * LOW HITPOINT WARNING * * *
You closely miss something. Something hits you!
You die...

....# ...###..###.##
....# #...........#
....######.
#......###..#
...........
.............#
....######
....###..##..#
...#..#.# ....
##.##..# ...#..#.#
... #..#..# ...#.<..#
#.############.#..#
++#####.#
#..{@......# #.#..#
#....##############.#
#....# ###..........#
#.# ##...# ###
#.########.# #.#
#...### #.# #.# #<#
#.# #.# #.>.... #.#
#.###.# #.# #.#
###.### #.#
#.†...####.# #.#
#.### #.#
#........#.# #.#
#.##≈ #.#
#.....##.#.#
#.######.##.


There were no monsters in sight!

Vanquished Creatures
  A worm (D:2)
  2 bats
  A giant cockroach (D:1)
  5 goblins
  3 hobgoblins
  2 frilled lizards (D:1)
  2 kobolds (D:1)
  5 rats (D:1)
21 creatures vanquished.

Notes
Turn   | Place    | Note
-------+----------+-------------------------------------------
     0 | D:1      | funkygono the Gargoyle Fighter began the quest for the Orb.
     0 | D:1      | Reached XP level 1. HP: 14/14 MP: 1/1
   248 | D:1      | Reached XP level 2. HP: 18/19 MP: 2/2
   955 | D:2      | Found an iron altar of Okawaru.
   966 | D:2      | Became a worshipper of Warmaster Okawaru
  1275 | D:2      | Reached XP level 3. HP: 23/23 MP: 3/3
  1304 | D:2      | Noticed Sigmund
  1313 | D:2      | Mangled by Sigmund

Illustrated notes

Levels and vault maps discovered:
D:1:      sevenhm_arrival_forest_fort_small_3, layout_basic
D:2:      layout_basic, good_gods_mini_temple, okawaru_ov_weapons_minmay,
          chequers_serial_rivers_marsh, uniq_sigmund

Action                   || total
-------------------------++-------
Melee: Flail             ||    67
       Mace              ||    18
  Use: Scroll            ||     3
Armor: Scale mail        ||    47
Dodge: Dodged            ||    13
Block: Kite shield       ||    37

Table legend: (Time is in decaauts)
 A = Elapsed time spent in this place.
 B = Non-inter-level travel time spent in this place.
 C = Inter-level travel time spent in this place.
 D = Time resting spent in this place.
 E = Time spent auto-exploring this place.
 F = Levels seen in this place.
 G = Mean time per level.
                   A        B        C        D        E       F      G
               +--------+--------+--------+--------+--------+-----+--------+
         Total |   1357 |   1351 |      6 |      0 |   1117 |   2 |  678.5 |
       Dungeon |   1357 |   1351 |      6 |      0 |   1117 |   2 |  678.5 |
               +--------+--------+--------+--------+--------+-----+--------+

Top non-repeatable levels by time:
     D:1: 955 daAuts
     D:2: 401 daAuts
